 Dungeon Crawl Stone Soup version 0.31.0-9-g3a7656b989 (webtiles) character file.

Game seed: 6000053885362020580

147 qw the Shooter (level 5, 0/26 HPs)
             Began as a Spriggan Hunter on Feb 2, 2024.
             Slain by a goblin
             ... wielding a +0 club
             ... led by Robin
              (4 damage)
             ... on level 3 of the Dungeon.
             The game lasted 00:00:04 (1285 turns).

qw the Shooter (Spriggan Hunter)                    Turns: 1285, Time: 00:00:05

Health: 0/26       AC:  2    Str:  7    XL:     5   Next: 8%
Magic:  6/6        EV: 20    Int: 11    God:
Gold:   105        SH:  0    Dex: 20    Spells: 4/4 levels left

rFire   . . .        a - +1 shortbow
rCold   . . .        (shield currently unavailable)
rNeg    . . .        c - +0 robe
rPois   .            (helmet restricted)
rElec   .            (no cloak)
rCorr   .            (gloves unavailable)
SInv    +            (boots unavailable)
Will    .....        (no amulet)
Stlth   ++           (no ring)
HPRegen 0.24/turn    (no ring)
MPRegen 0.10/turn

%: no passive effects
@: very quick
A: very small, no large weapons, unfitting armour, see invisible, speed 3
a: no special abilities


You were on level 3 of the Dungeon.
You visited 1 branch of the dungeon, and saw 3 of its levels.

You collected 105 gold pieces.


Innate Abilities, Weirdness & Mutations

You are very small and have problems with some larger weapons.
You are too small for most types of armour.
You have supernaturally acute eyesight. (SInv)
You cover ground extremely quickly. (Speed+++)


   Skills:
 - Level 2.2 Fighting
 + Level 5.1 Ranged Weapons
 - Level 5.0 Dodging
 - Level 1.5 Stealth


You had 4 spell levels left.
You didn't know any spells.
Your spell library was empty.

Inventory:

Hand Weapons
 a - a +1 shortbow (weapon)
Armour
 c - a +0 robe (worn)
Potions
 h - a potion of might {unknown}

Dungeon Overview and Level Annotations

Branches:
Dungeon (3/15)

Altars:

Annotations:
D:3 Robin


Message History

The orc wizard is almost dead.
Robin roars a battlecry!
The goblins go into a battle-frenzy!
The orc wizard casts a spell at you. The magic dart hits you.
The hobgoblin closely misses you.
You hear an angry hiss.
You shoot an arrow. The arrow hits the orc wizard.
You kill the orc wizard!
A goblin comes into view. It is wielding a +0 club.
Your Fighting skill increases to level 2!
You have reached level 5!
You feel clever.
You shoot an arrow. The arrow hits the hobgoblin.
The hobgoblin is almost dead.
You hear a shout!
Robin throws the goblin at you!
An orc comes into view. It is wielding a +0 flail.
The goblin misses you. The hobgoblin completely misses you.
You shoot an arrow.
The arrow hits the hobgoblin but does no damage.
The hobgoblin is almost dead.
The goblin misses you. The hobgoblin closely misses you.
You shoot an arrow. The arrow hits the hobgoblin.
You kill the hobgoblin!
The goblin closely misses you.
You shoot an arrow. The arrow hits the goblin.
You kill the goblin!
The goblin hits you with a +0 club.
You shoot an arrow. The arrow hits the orc.
The orc is heavily wounded.
The goblin misses you. The orc closely misses you.
Robin roars a battlecry!
You hear a shout!
You shoot an arrow. The arrow barely misses the orc.
A goblin comes into view. It is wielding a +0 dagger.
The orc hits you with a +0 flail! The goblin hits you with a +0 club.
Robin's horned helmet rattles.
You shoot an arrow. The arrow hits the orc.
You kill the orc!
The goblin hits you with a +0 club.
You die... #g. ..) gg#

#g# #g#
#g#
#g#####
#@)..<#
#####.#
#.# #)#
#). ##)
.# .#


You could see Robin and 6 goblins.

Vanquished Creatures
  Terence (D:2)
  An orc wizard (D:3)
  3 adders (D:2)
  A ribbon worm (D:2)
  3 dart slugs
  3 orcs (D:3)
  5 bats
  6 endoplasms
  3 giant cockroaches
  11 goblins
  6 hobgoblins
  A quokka (D:1)
  3 ball pythons
  2 frilled lizards (D:1)
  6 kobolds
  5 rats
60 creatures vanquished.

Notes
Turn   | Place    | Note
-------+----------+-------------------------------------------
     0 | D:1      | qw the Spriggan Hunter began the quest for the Orb.
     0 | D:1      | Reached XP level 1. HP: 10/10 MP: 2/2
     0 | D:1      | 0 ||| qw: Version: 0.3-a-155-g5e7d8dd
     0 | D:1      | 0 ||| qw: Game counter: 808
     0 | D:1      | 0 ||| qw: Melee chars always use a shield: true
     0 | D:1      | 0 ||| qw: God list: Okawaru
     0 | D:1      | 0 ||| qw: Allow faded altars: false
     0 | D:1      | 0 ||| qw: Do Orc after clearing Dungeon:15 true
     0 | D:1      | 0 ||| qw: Do second Lair branch before Depths: true
     0 | D:1      | 0 ||| qw: Lair rune preference: random
     0 | D:1      | 0 ||| qw: Goals: Normal
     0 | D:1      | 0 ||| PLANNING D:1-11
    79 | D:1      | Reached skill level 3 in Dodging
   133 | D:1      | Reached XP level 2. HP: 14/14 MP: 3/3
   511 | D:1      | Reached XP level 3. HP: 18/18 MP: 4/4
   605 | D:1      | 605 ||| READING 2 scrolls labelled NIULYG LODAA.
   605 | D:1      | 605 ||| IDENTIFYING lumpy inky potion
   606 | D:1      | 606 ||| READING scroll of identify.
   606 | D:1      | 606 ||| IDENTIFYING viscous yellow potion
   607 | D:1      | 607 ||| READING scroll labelled SEREM QATYR.
   607 | D:1      | 607 ||| ENCHANTING +0 shortbow.
   608 | D:1      | 608 ||| DRINKING 2 ruby potions.
   609 | D:1      | 609 ||| DRINKING potion of curing.
   609 | D:1      | 609 ||| (to cure confusion)
   610 | D:1      | 610 ||| DROPPING scroll of butterflies.
   611 | D:1      | 611 ||| DROPPING potion of berserk rage.
   612 | D:1      | 612 ||| DROPPING potion of ambrosia.
   634 | D:2      | Found the +7 Throatcutter {drain, coup de grace}
   759 | D:2      | Noticed Terence
   768 | D:2      | Killed Terence
   829 | D:2      | Reached XP level 4. HP: 18/22 MP: 5/5
  1242 | D:2      | 1242 ||| READING scroll labelled XENAEDYOMP.
  1242 | D:2      | 1242 ||| ENCHANTING +1 shortbow.
  1275 | D:3      | Noticed Robin
  1276 | D:3      | 1276 ||| DRINKING potion of curing.
  1276 | D:3      | 1276 ||| (to cure confusion)
  1279 | D:3      | Reached XP level 5. HP: 18/26 MP: 6/6
  1284 | D:3      | HP: 4/26 [goblin/+0 club[Robin] (6)]
  1285 | D:3      | Slain by a goblin

Levels and vault maps discovered:
D:1:      minmay_arrival_widening_spiral_wide, layout_basic,
          hangedman_feature_mirror
D:2:      layout_loops_ring, uniq_terence
D:3:      layout_loops_ring, uniq_robin, uniq_ijyb

Skill      XL: |  1  2  3  4 |
---------------+-------------+-----
Dodging        | 3 4 5 |  5.0
Ranged Weapons | 5 |  5.1
Fighting       | 2 |  2.2
Stealth        | |  1.5

Action                     |  1- 3 |  4- 6 || total
---------------------------+-------+-------++-------
   Fire: Shortbow          |    75 |    60 ||   135
    Use: Scroll            |     3 |     1 ||     4
         Potion            |     2 |     1 ||     3
 Armour: Robe              |     7 |     8 ||    15
  Dodge: Dodged            |    12 |    16 ||    28

Table legend:
 A = Non-vault XP
 B = Vault XP
 C = Vault XP percentage of total XP
 D = Non-vault monster count
 E = Vault monster count
 F = Vault count percentage of total count
                 A         B        C        D         E       F
            +---------+---------+-------+---------+---------+-------
      Total |     159 |      55 |  25.7 |      48 |      12 |  20.0
            +---------+---------+-------+---------+---------+-------
        D:1 |      39 |      11 |  22.0 |      23 |       6 |  20.7
        D:2 |      74 |      36 |  32.7 |      20 |       1 |   4.8
        D:3 |      46 |       8 |  14.8 |       5 |       5 |  50.0
            +---------+---------+-------+---------+---------+-------
